 Dungeon Crawl Stone Soup version 0.21.0-34-g9234887 (webtiles) character file.

2162 Mimshu the Spear-Bearer (level 9, -3/79 HPs)
             Began as a White Draconian Berserker on Jan 29, 2018.
             Was an Elder of Trog.
             Slain by a wight
             ... wielding a +6 spear
              (10 damage)
             ... on level 7 of the Dungeon.
             The game lasted 00:22:45 (8405 turns).

Mimshu the Spear-Bearer (White Draconian Berserker) Turns: 8405, Time: 00:22:46

Health: -3/79      AC: 16    Str: 20    XL:     9   Next: 10%
Magic:  9/9        EV: 19    Int:  7    God:    Trog [****..]
Gold:   327        SH:  0    Dex: 14    Spells: 8/8 levels left

rFire    . . .     SeeInvis .   o - +5 trident (protect)
rCold    + . .     Gourm    .   (no shield)
rNeg     . . .     Faith    .   (armour unavailable)
rPois    .         Spirit   .   (helmet restricted)
rElec    .         Reflect  .   z - +1 cloak
rCorr    .         Harm     .   (no gloves)
MR       .....                  (no boots)
Stlth    ..........             (no amulet)
HPRegen  0.23/turn              q - +6 ring of evasion
MPRegen  0.11/turn              n - ring of loudness (curse)

@: protection aura, berserk cooldown, slowed, very heavily drained, very slow
A: breathe frost, unfitting armour, cold resistance 1, cold-blooded, AC +7
a: Breathe Frost, Berserk, Trog's Hand, Brothers in Arms, Burn Spellbooks,
Renounce Religion


You were on level 7 of the Dungeon.
You worshipped Trog.
Trog was greatly pleased with you.
You were very hungry.

You visited 2 branches of the dungeon, and saw 8 of its levels.

You collected 327 gold pieces.

Inventory:

Hand Weapons
 a - a +1 spear
 o - a +5 trident of protection (weapon)
 A - a +3 spear
Missiles
 f - 130 arrows
 g - 4 needles of sleeping
 h - 185 stones (quivered)
 r - 8 tomahawks
 s - 3 poisoned tomahawks
 u - 47 poisoned needles
Armour
 z - a +1 cloak (worn)
 F - a +0 cloak
Magical Staves
 l - an uncursed staff of wizardry {unknown}
Jewellery
 c - a -3 ring of protection
 e - an uncursed ring of magical power
 n - a cursed ring of loudness (right hand)
 q - a +6 ring of evasion (left hand)
 w - a +2 ring of strength
Wands
 B - a wand of digging (9)
 C - a wand of flame (32)
Scrolls
 i - a scroll of enchant armour
 t - a scroll of magic mapping {unknown}
 y - 2 scrolls of fear
 D - a scroll of remove curse
Potions
 d - 4 potions of curing {unknown}
 k - a potion of lignification {unknown}
 m - 2 potions of flight {unknown}
 p - a potion of might {unknown}
 v - a potion of mutation {unknown}
 x - a potion of agility {unknown}
Comestibles
 b - 6 rations
 j - 6 chunks of flesh


   Skills:
 + Level 7.4(4.1) Fighting
 * Level 9.1(5.7) Polearms
 + Level 6.1(2.9) Dodging


You had 8 spell levels left.
You didn't know any spells.

Dungeon Overview and Level Annotations

Branches:
Dungeon (7/15)             Temple (1/1) D:6

Altars:
Ashenzari
Cheibriados
Dithmenos
Elyvilon
Fedhas
Gozag
Kikubaaqudgha
Makhleb
Okawaru
Qazlal
Ru
Sif Muna
Trog
Uskayaw
Vehumet
Wu Jian
Xom
Yredelemnul
Zin
The Shining One


Innate Abilities, Weirdness & Mutations

You can breathe waves of freezing cold.
You can buffet flying creatures when you breathe cold.
Your icy white scales are hard. (AC +7)
You cannot fit into any form of body armour.
Your flesh is cold resistant. (rC+)
You are cold-blooded and may be slowed by cold attacks.


Message History

* * * LOW HITPOINT WARNING * * *
The wight hits you but does no damage. x2
The wight hits you from afar with an enchanted spear.
* * * LOW HITPOINT WARNING * * *
You feel drained.
* * * LOW HITPOINT WARNING * * *
You can move again.
The wight barely misses you.
The wight hits you with an enchanted spear!
* * * LOW HITPOINT WARNING * * *
You feel drained.
* * * LOW HITPOINT WARNING * * *
Things that are here:
an enchanted short sword; a robe You barely miss the wight.
The wight misses you.
You hit the wight.
Your weapon exudes an aura of protection.
The wight hits you but does no damage.
The wight hits you with an enchanted spear!
You die...

..................# ...
.................## #...
..................###....
.......................
..............##.....#
.............###....#
.............###...##
#............##)z...##
##..............@....###
#......................
#.......................
#.......................
##.............#..#####..
.........###...##.... ..
.....##### #.%## ....
......# #..# .####
......# #.## ..


You could see a wight.

Vanquished Creatures
  The ghost of Ymberto the Skirmisher, an amateur MiFi (D:4)
  3 black bears (D:6)
  4 ogres
  3 centaurs
  3 bullfrogs
  2 scorpions
  6 wights
  A howler monkey (D:4)
  2 crimson imps (D:7)
  A bullfrog zombie (D:5)
  2 hounds
  A bullfrog skeleton (D:4)
  2 orc priests
  2 orc wizards
  2 worker ants (D:6)
  A howler monkey zombie (D:5)
  A worker ant zombie (D:5)
  8 adders
  2 oozes (D:2)
  An adder skeleton (D:6)
  3 worms
  3 dart slugs
  4 leopard geckos
  20 orcs
  11 bats
  8 giant cockroaches
  10 goblins
  9 hobgoblins
  2 jackals
  2 quokkas
  2 frilled lizards
  5 kobolds
  2 leopard gecko skeletons
  A quokka skeleton (D:5)
  A quokka zombie (D:6)
  4 rats
135 creatures vanquished.

Vanquished Creatures (others)
  An adder (D:3)
  A kobold (D:3)
2 creatures vanquished.

Grand Total: 137 creatures vanquished

Notes
Turn   | Place    | Note
-------+----------+-------------------------------------------
     0 | D:1      | Mimshu the Draconian Berserker began the quest for the Orb.
     0 | D:1      | Reached XP level 1. HP: 19/19 MP: 1/1
   123 | D:1      | Reached XP level 2. HP: 26/26 MP: 2/2
   811 | D:2      | Reached XP level 3. HP: 33/33 MP: 3/3
  1031 | D:2      | Reached ** piety under Trog
  1379 | D:2      | Reached skill level 4 in Polearms
  1605 | D:3      | Reached XP level 4. HP: 35/40 MP: 4/4
  1675 | D:3      | You fall through a shaft for 3 floors!
  1798 | D:6      | Noticed a centaur
  1809 | D:6      | Killed a centaur
  1809 | D:6      | Reached XP level 5. HP: 21/47 MP: 5/5
  2072 | D:5      | Entered Level 5 of the Dungeon
  2116 | D:5      | Found a shadowy altar of Dithmenos.
  2148 | D:5      | Reached skill level 5 in Polearms
  2650 | D:5      | Reached XP level 6. HP: 38/53 MP: 6/6
  3036 | D:5      | Found an opulent altar of Gozag.
  3070 | D:5      | Found a sacrificial altar of Ru.
  3120 | D:5      | Reached skill level 5 in Fighting
  3236 | D:5      | Found an iron altar of Okawaru.
  3853 | D:4      | Noticed Ymberto's ghost (amateur MiFi)
  3872 | D:4      | Killed Ymberto's ghost
  3872 | D:4      | Reached skill level 6 in Polearms
  3872 | D:4      | Your scales start taking on an icy white colour.
  3872 | D:4      | Reached XP level 7. HP: 57/61 MP: 7/7
  3872 | D:4      | Gained mutation: Your flesh is cold resistant. (rC+) [White Draconian growth]
  4148 | D:4      | Reached *** piety under Trog
  5255 | D:3      | Reached skill level 7 in Polearms
  5303 | D:3      | Found a radiant altar of Vehumet.
  5549 | D:3      | Found a deep blue altar of Sif Muna.
  5555 | D:3      | Found a burning altar of Makhleb.
  6300 | D:6      | Found a bloodstained altar of Trog.
  6315 | D:6      | Reached **** piety under Trog
  6315 | D:6      | Reached skill level 5 in Dodging
  6315 | D:6      | Reached XP level 8. HP: 70/70 MP: 8/8
  6734 | D:6      | Found a staircase to the Ecumenical Temple.
  6767 | D:6      | Reached skill level 8 in Polearms
  7333 | Temple   | Entered the Ecumenical Temple
  7763 | D:7      | Found a stormy altar of Qazlal.
  7814 | D:7      | Found a basalt altar of Yredelemnul.
  7923 | D:7      | Found a blossoming altar of Fedhas.
  8299 | D:7      | Reached XP level 9. HP: 79/79 MP: 9/9
  8386 | D:7      | Reached skill level 9 in Polearms
  8405 | D:7      | Slain by a wight

Skill      XL: |  1  2  3  4  5  6  7  8  9 |
---------------+----------------------------+-----
Dodging        | 3 4 5 6 |  6.1
Polearms       | 4 5 6 7 8 9 |  9.1
Fighting       | 4 5 6 7 |  7.4

Action                   |  1- 3 |  4- 6 |  7- 9 || total
-------------------------+-------+-------+-------++-------
Melee: Spear             |   108 |   176 |   183 ||   467
       Tailslap          |    18 |    30 |    51 ||    99
       Trident           |       |       |   154 ||   154
Throw: Stone             |       |     1 |       ||     1
Invok: Berserk           |       |     2 |     2 ||     4
       Burn Spellbooks   |       |       |     1 ||     1
 Abil: Breathe Frost     |       |       |     1 ||     1
  Use: Scroll            |     1 |     3 |    13 ||    17
 Stab: Paralysed         |       |     2 |       ||     2
  Eat: Chunk             |     2 |     3 |    11 ||    16
       Ration            |       |     2 |     1 ||     3
Armor: Skin              |    40 |    34 |    63 ||   137
Dodge: Dodged            |    54 |    85 |   233 ||   372
